 Dungeon Crawl Stone Soup version 0.30-a0-218-gedb9141078 (webtiles) character file.

Game seed: 11723807665305375491

822 themarg the Geomancer (level 7, -1/54 HPs)
             Began as a Gargoyle Earth Elementalist on Oct 5, 2022.
             Was a Priest of Jiyva.
             Slain by an orc warrior
             ... wielding a +0 halberd
              (10 damage)
             ... on level 5 of the Dungeon.
             The game lasted 00:14:09 (4170 turns).

themarg the Geomancer (Gargoyle Earth Elementalist) Turns: 4170, Time: 00:14:10

Health: -1/54      AC: 23    Str: 11    XL:     7   Next: 95%
Magic:  13/13      EV:  2    Int: 18    God:    Jiyva [***...]
Gold:   226        SH:  0    Dex: 10    Spells: 11/15 levels left

rFire   . . .      SeeInvis .    w - +5 dagger (drain)
rCold   . . .      Faith    .    (no shield)
rNeg    + . .      Spirit   .    (body armour currently unavailable)
rPois   ∞          Reflect  .    (helmet currently unavailable)
rElec   .          Harm     .    (cloak currently unavailable)
rCorr   +          Rampage  .    (gloves currently unavailable)
Will    +++..      NoTele   +    (boots currently unavailable)
Stlth   ++........               (no amulet)
HPRegen 1.41/turn                (no ring)
MPRegen 0.48/turn                (no ring)

@: tree-form
A: stationary, stasis, torment immunity, boosted hp, sickness immunity, AC +4,
negative energy resistance 1, (electricity resistance), torment resistance 1,
petrification resistance, strong-willed 3, (gelatinous body 1)
a: Renounce Religion, Oozemancy


You were on level 5 of the Dungeon.
You worshipped Jiyva.
Jiyva was most pleased with you.
You were a tree.
You visited 1 branch of the dungeon, and saw 5 of its levels.

You collected 226 gold pieces.

Inventory:

Hand Weapons
 w - a +5 dagger of draining (weapon)
Missiles
 g - 11 poisoned darts
Armour
 a - a +0 robe (melded)
Jewellery
 h - a ring of fire
Wands
 t - a wand of digging (2)
Scrolls
 c - a scroll of enchant weapon {unknown}
 d - 4 scrolls of identify {unknown}
 e - a scroll of acquirement {unknown}
 f - 2 scrolls of poison
 j - 3 scrolls of teleportation
 m - a scroll of amnesia {unknown}
 o - a scroll of magic mapping {unknown}
 p - a scroll of vulnerability {unknown}
Potions
 b - a potion of magic
 i - 2 potions of degeneration {unknown}
 k - a potion of lignification
 l - a potion of haste {unknown}
 n - a potion of brilliance {unknown}
 q - a potion of invisibility {unknown}
 r - 2 potions of curing {unknown}
 s - a potion of heal wounds {unknown}
 u - a potion of cancellation {unknown}
 v - 2 potions of berserk rage {unknown}
 x - a potion of attraction {unknown}


   Skills:
 - Level 1.5 Dodging
 - Level 3.0 Stealth
 + Level 4.6 Spellcasting
 - Level 2.0 Conjurations
 - Level 2.0 Transmutations
 + Level 8.4 Earth Magic


You had 11 spell levels left.
You knew the following spells:

 Your Spells              Type           Power      Damage    Failure   Level
a - Sandblast             Erth           68%        2d15      1%          1
b - Stone Arrow           Conj/Erth      44%        3d9       4%          3

Your spell library contained the following spells:

 Spells                   Type           Power      Damage    Failure   Level
 Passwall                 Tmut/Erth      18%        N/A       2%          2
 Slow                     Hex            16%        N/A       14%         1
 Petrify                  Tmut/Erth      22%        N/A       16%         4
 Confusing Touch          Hex            4%         N/A       38%         3
 Vampiric Draining        Necr           4%         2d6       38%         3
 Malign Gateway           Summ/Tloc      2%         N/A       100%        7
 Summon Horrible Things   Summ           2%         N/A       100%        8


Dungeon Overview and Level Annotations

Branches:
Dungeon (5/15)             Temple (0/1) D:5

Altars:
Jiyva

Shops:
D:1 [   D:4 *

Annotations:
D:3 3 runed translucent doors, exclusions: 3 doors and downstairs, HilariousDeathArtist's ghost, amateur HOEE
D:5 Blork the orc


Innate Abilities, Weirdness & Mutations

You are a tree.
Your roots penetrate the ground, keeping you stationary.
You cannot be teleported.
You are immune to unholy pain and torment.
Your maximum health is greatly increased.
Your equipment is partially melded.
You are immune to sickness and miasma.
((Your stone body is resilient. (AC +4)))
You are immune to poison.
You resist negative energy. (rN+)
((You are resistant to electric shocks. (rElec)))
You are resistant to unholy torment.
You are immune to petrification.
You are extremely strong-willed. (Will+++)
((Your rubbery body absorbs attacks. (AC +1, EV +1)))


Message History

The ufetubus shouts!
You hear a shout!
You hear a distant slurping noise.
You closely miss the ufetubus. The ufetubus closely misses you.
The ufetubus hits you but does no damage.
You closely miss the ufetubus. The ufetubus closely misses you.
The ufetubus hits you but does no damage.
The orc warrior closely misses you. The ufetubus barely misses you.
The ufetubus closely misses you.
You closely miss the ufetubus. The ufetubus closely misses you.
The ufetubus hits you but does no damage.
The orc warrior barely misses you.
Your magical contamination has completely faded away.
You barely miss the ufetubus. The ufetubus closely misses you.
The ufetubus misses you. The orc warrior closely misses you.
The ufetubus barely misses you. The ufetubus misses you.
You hit the ufetubus.
The ufetubus is heavily wounded.
The ufetubus hits you but does no damage.
The ufetubus hits you.
The orc warrior hits you from afar with a +0 halberd!
You hit the ufetubus.
The ufetubus is almost dead.
The ufetubus hits you. x2; The orc warrior closely misses you.
The ufetubus hits you.
The ufetubus hits you but does no damage.
You miss the ufetubus.
The ufetubus is almost dead.
The ufetubus misses you.
The ufetubus hits you but does no damage.
The orc warrior hits you from afar with a +0 halberd!
* * * LOW HITPOINT WARNING * * *
The ufetubus attacks as you move away!
The ufetubus hits you but does no damage.
The ufetubus misses you. The ufetubus barely misses you.
The ufetubus closely misses you.
It was a potion of lignification.
You turn into a tree.
Your +0 robe melds into your body.
Your roots penetrate the ground.
The ufetubus hits you but does no damage. x2
The orc warrior hits you from afar with a +0 halberd!
You die...

#. #. #. #
######### #.
#.#...#.#.# ###.
#..#..#.## #...
#5.###o.#.#
#####.## ##..#
##5.## ###.....#
#..#
##♣.######...#####
#.. ##........###
#..# ##..########
##..## ##..##
#n#..###..#.#
#)#n.#†.#.##
#.#...#.#.#
###########


You could see an orc warrior and an ufetubus.

Vanquished Creatures
  Grinder (D:4)
  Eustachio (D:5)
  An ogre (D:5)
  A necrophage (D:5)
  2 scorpions (D:4)
  2 orc priests
  An iguana (D:5)
  A gnoll (D:1)
  4 adders
  An ufetubus (D:5)
  3 worms
  A dart slug (D:3)
  6 orcs
  4 ball pythons
  7 endoplasms
  2 giant cockroaches (D:4)
  9 goblins
  6 hobgoblins
  7 jackals (D:1)
  3 quokkas
  4 bats
  3 frilled lizards
  6 kobolds
  6 rats
82 creatures vanquished.

Vanquished Creatures (others)
  A necrophage (D:4)
  2 jellies
  An orc (D:4)
  3 endoplasms
  A kobold (D:3)
  A ball python (D:4)
  A fungus (D:3)
  3 plants (D:3)
13 creatures vanquished.

Grand Total: 95 creatures vanquished

Notes
Turn   | Place    | Note
-------+----------+-------------------------------------------
     0 | D:1      | themarg the Gargoyle Earth Elementalist began the quest for
                  | the Orb.
     0 | D:1      | Reached XP level 1. HP: 10/10 MP: 3/3
   122 | D:1      | Reached XP level 2. HP: 15/15 MP: 0/5
   237 | D:1      | Reached skill level 4 in Earth Magic
   299 | D:1      | Reached XP level 3. HP: 19/19 MP: 0/6
   736 | D:1      | Found Zyowke Ogim's Armour Shop.
  1654 | D:2      | Reached XP level 4. HP: 24/24 MP: 6/8
  2168 | D:3      | Found a faded altar of an unknown god.
  2187 | D:3      | Prayed at the altar of an unknown god.
  2187 | D:3      | Became a worshipper of Jiyva Jamilud the Shapeless
  2187 | D:3      | Reached * piety under Jiyva
  2349 | D:3      | Reached skill level 5 in Earth Magic
  2464 | D:3      | Found a runed translucent gate.
  2465 | D:3      | Found a runed translucent gate.
  2466 | D:3      | Found a runed translucent gate.
  2467 | D:3      | Noticed a kobold brigand
  2468 | D:3      | Noticed HilariousDeathArtist's ghost (amateur HOEE)
  2646 | D:4      | Noticed a scorpion
  2705 | D:4      | Reached ** piety under Jiyva
  2739 | D:4      | Reached skill level 1 in Transmutations
  2739 | D:4      | Reached XP level 5. HP: 28/28 MP: 4/9
  2792 | D:4      | Reached skill level 1 in Conjurations
  2846 | D:4      | Found Peigapum's Mayhem Merchandise.
  2951 | D:4      | Reached skill level 6 in Earth Magic
  2951 | D:4      | Reached XP level 6. HP: 32/32 MP: 7/10
  2955 | D:4      | Learned a level 3 spell: Stone Arrow
  3013 | D:4      | Noticed Grinder
  3424 | D:4      | Killed Grinder
  3425 | D:4      | Reached skill level 7 in Earth Magic
  3425 | D:4      | Reached XP level 7. HP: 36/36 MP: 9/12
  3514 | D:5      | Entered Level 5 of the Dungeon
  3514 | D:5      | Noticed Eustachio
  3514 | D:5      | Reached *** piety under Jiyva
  3579 | D:5      | Gained mutation: You are strong-willed. (Will+) [Jiyva's
                  | grace]
  3579 | D:5      | Gained mutation: You are highly strong-willed. (Will++)
                  | [Jiyva's grace]
  3579 | D:5      | Gained mutation: You are extremely strong-willed. (Will+++)
                  | [Jiyva's grace]
  3579 | D:5      | Gained mutation: Your rubbery body absorbs attacks. (AC +1,
                  | EV +1) [Jiyva's grace]
  3646 | D:5      | Found a staircase to the Ecumenical Temple.
  3724 | D:5      | Killed Eustachio
  3816 | D:5      | Noticed Blork the orc
  4106 | D:5      | Reached skill level 8 in Earth Magic
  4170 | D:5      | Slain by an orc warrior

Illustrated notes

Levels and vault maps discovered:
D:1:      spicycebolla_arrival_clurvy, layout_basic, serial_shops,
          nicolae_shop_advertising_works [nicolae_subvault_shop_adworks],
          minivault_14
D:2:      layout_basic, minmay_pentomino_x2
D:3:      layout_rooms, ebering_ecumenical_altar_hall,
          gammafunk_ghost_nasty_kobolds
D:4:      layout_cave_pods, minmay_shop_mayhem, grunt_ministairs_14,
          kennysheep_generic_room_5, uniq_grinder
D:5:      minmay_diamond_boxcup, layout_basic, minmay_temple_entry_proselytizer,
          uniq_blork_the_orc, uniq_eustachio

Skill      XL: |  1  2  3  4  5  6  7 |
---------------+----------------------+-----
Earth Magic    | 4 5 6 7 8 |  8.4
Stealth        | 3 |  3.0
Spellcasting   | 3 4 |  4.6
Transmutations | 1 2 |  2.0
Conjurations   | 2 |  2.0
Dodging        | |  1.5

Action                   |  1- 3 |  4- 6 |  7- 9 || total
-------------------------+-------+-------+-------++-------
Melee: Short sword       |     8 |       |       ||     8
       Dagger            |       |       |    12 ||    12
 Cast: Sandblast         |    49 |    59 |     9 ||   117
       Stone Arrow       |       |       |     7 ||     7
  Use: Scroll            |       |     2 |       ||     2
       Potion            |       |       |     1 ||     1
Armor: Robe              |     3 |     2 |    11 ||    16
       Skin              |       |       |     2 ||     2
Dodge: Dodged            |    12 |    10 |    25 ||    47

Table legend: (Time is in decaauts)
 A = Elapsed time spent in this place.
 B = Non-inter-level travel time spent in this place.
 C = Inter-level travel time spent in this place.
 D = Time resting spent in this place.
 E = Time spent auto-exploring this place.
 F = Levels seen in this place.
 G = Mean time per level.
                   A        B        C        D        E       F      G
               +--------+--------+--------+--------+--------+-----+--------+
         Total |   4227 |   4030 |    197 |    211 |   3183 |   5 |  845.4 |
       Dungeon |   4227 |   4030 |    197 |    211 |   3183 |   5 |  845.4 |
               +--------+--------+--------+--------+--------+-----+--------+

Top non-repeatable levels by time:
     D:2: 1211 daAuts
     D:4: 905 daAuts
     D:1: 873 daAuts
     D:3: 626 daAuts
     D:5: 610 daAuts
